 Dungeon Crawl Stone Soup version 0.30-a0-371-gad7725a93e (webtiles) character file.

Game seed: 2017783654418350679

1876 mobinator the Thaumaturge (level 8, -17/41 HPs)
             Began as a Deep Elf Fire Elementalist on Nov 22, 2022.
             Was a Follower of Sif Muna.
             Killed from afar by a steam dragon (18 damage)
             ... with a ball of steam
             ... on level 7 of the Dungeon.
             The game lasted 01:10:54 (8967 turns).

mobinator the Thaumaturge (DEFE)                    Turns: 8967, Time: 01:10:55

Health: -17/41     AC:  8    Str:  5    XL:     8   Next: 91%
Magic:  24/26      EV: 12    Int: 23    God:    Sif Muna [*.....]
Gold:   233        SH:  5    Dex: 15    Spells: 25/32 levels left

rFire   . . .      SeeInvis .    C - +4 falchion
rCold   . . .      Faith    .    (no shield)
rNeg    . . .      Spirit   .    a - +0 robe
rPois   .          Reflect  +    (no helmet)
rElec   .          Harm     .    (no cloak)
rCorr   .          Rampage  .    t - +0 pair of gloves
Will    .....                    q - +0 pair of boots
Stlth   ++........               k - amulet of reflection
HPRegen 0.26/turn                u - +4 ring of protection
MPRegen 0.20/turn                (no ring)

@: about to teleport
A: no striking features
a: Renounce Religion, Channel Magic


You were on level 7 of the Dungeon.
You worshipped Sif Muna.
Sif Muna was aware of your devotion.
You visited 2 branches of the dungeon, and saw 8 of its levels.

You collected 233 gold pieces.

Inventory:

Hand Weapons
 j - a +2 dagger of draining
 l - a +0 vorpal flail
 w - a +3 halberd
 C - a +4 falchion (weapon)
Missiles
 v - 5 boomerangs
Armour
 a - a +0 robe (worn)
 m - a +1 plate armour of fire resistance
 q - a +0 pair of boots (worn)
 s - an orb of wrath
 t - a +0 pair of gloves (worn)
Magical Staves
 c - a staff of poison
Jewellery
 k - an amulet of reflection (around neck)
 u - a +4 ring of protection (left hand)
Scrolls
 e - 3 scrolls of identify
 f - 2 scrolls of amnesia
 g - a scroll of blinking {unknown}
 i - a scroll of teleportation
 x - a scroll of poison {unknown}
 y - a scroll of silence {unknown}
 A - a scroll of fear {unknown}
 B - a scroll of vulnerability {unknown}
 E - a scroll of brand weapon {unknown}
 F - a scroll of acquirement {unknown}
Potions
 b - a potion of magic
 h - 3 potions of brilliance
 n - a potion of lignification {unknown}
 o - 2 potions of might
 p - a potion of cancellation {unknown}
 r - a potion of degeneration {unknown}
 z - a potion of curing {unknown}
 D - a potion of resistance {unknown}


   Skills:
 - Level 2.4 Dodging
 - Level 2.4 Stealth
 + Level 12.7 Spellcasting
 - Level 6.0 Conjurations
 - Level 5.0 Fire Magic


You had 25 spell levels left.
You knew the following spells:

 Your Spells              Type           Power      Damage    Failure   Level
a - Foxfire               Conj/Fire      100%       2x1d9     1%          1
b - Scorch                Fire           74%        2d9       1%          2
c - Flame Wave            Conj/Fire      40%        2d11      4%          4

Your spell library contained the following spells:

 Spells                   Type           Power      Damage    Failure   Level
 Inner Flame              Hex/Fire       26%        N/A       4%          3
 Mephitic Cloud           Conj/Pois/Air  23%        N/A       5%          3
 Cigotuvi's Dreadful Rot  Necr/Pois/Air  28%        N/A       6%          2
 Poisonous Vapours        Pois/Air       28%        N/A       6%          2
 Kindle Blastsparks       Fire/Tloc/Air  44%        2d13      6%          3


Dungeon Overview and Level Annotations

Branches:
Dungeon (7/15)             Temple (1/1) D:5

Altars:
Ashenzari
Cheibriados
Dithmenos
Elyvilon
Fedhas
Hepliaklqana
Kikubaaqudgha
Makhleb
Nemelex Xobeh
Okawaru
Qazlal
Ru
Sif Muna
Trog
Uskayaw
Wu Jian
Xom
Yredelemnul
The Shining One


Message History

You are engulfed in a cloud of scalding steam.
The steam dragon breathes steam at you. The ball of steam hits you!
* * * LOW HITPOINT WARNING * * *
The steam dragon bites you but does no damage.
The steam dragon claws you but does no damage.
You are engulfed in a cloud of scalding steam.
* * * LOW HITPOINT WARNING * * *
Magic courses through your body.
The steam dragon bites you but does no damage.
The steam dragon claws you.
* * * LOW HITPOINT WARNING * * *
Casting: Scorch (safe; 1% risk of failure)
Press: ? - help, Q - select action, (/) - cycle Dir - look around, f - activate Look: a steam dragon (almost dead, catching its breath) Flames lash something.
Sif Muna accepts your kill.
Reactivating autopickup.
You feel a bit more experienced.
You hear a loud, deep croak!
The steam dragon bites you.
* * * LOW HITPOINT WARNING * * *
The steam dragon claws you but does no damage.
A sky beast appears from thin air!
Casting: Scorch (safe; 1% risk of failure)
Press: ? - help, Q - select action, (/) - cycle Dir - look around, f - activate
Okay, then.
Okay, then.
Okay, then.
Okay, then.
Casting: Scorch (safe; 1% risk of failure)
Press: ? - help, Q - select action, (/) - cycle Dir - look around, f - activate
Okay, then.
Okay, then.
As you read the scroll of teleportation, it crumbles to dust.
You feel strangely unstable. The steam dragon misses you.
The steam dragon barely misses you. The steam dragon breathes steam at you.
The ball of steam hits you!!
You die...

+ .# . ####)#....
#.)){.....
#.##.#.[.. #Y# # .
#D# #ยง# #@#
#.############
#............#
############.#####
#.#.... #.#....
#.####. #......
#######


You could see a steam dragon (catching breath) and a sky beast.

Vanquished Creatures
  Grinder (D:5)
  Sigmund (D:3)
  2 orc warriors
  An ogre (D:7)
  A phantom (D:6)
  2 bullfrogs
  A scorpion (D:5)
  3 necrophages
  5 wights (D:5)
  2 hounds
  An orc priest (D:6)
  3 iguanas
  2 orc wizards
  12 adders
  10 gnolls
  A white imp (D:6)
  An ufetubus (D:4)
  3 worms
  2 dart slugs (D:2)
  11 orcs
  6 ball pythons
  6 bats
  10 endoplasms
  A giant cockroach (D:4)
  6 goblins
  4 hobgoblins
  3 jackals (D:1)
  7 kobolds
  A quokka (D:2)
  4 frilled lizards
  8 rats
121 creatures vanquished.

Vanquished Creatures (others)
  18 foxfires (D:1)
18 creatures vanquished.

Grand Total: 139 creatures vanquished

Notes
Turn   | Place    | Note
-------+----------+-------------------------------------------
     0 | D:1      | mobinator the Deep Elf Fire Elementalist began the quest
                  | for the Orb.
     0 | D:1      | Reached XP level 1. HP: 10/10 MP: 6/6
   498 | D:1      | Reached skill level 4 in Spellcasting
   498 | D:1      | Reached XP level 2. HP: 15/15 MP: 5/9
   503 | D:1      | Learned a level 2 spell: Scorch
  1698 | D:2      | Reached XP level 3. HP: 11/14 MP: 6/11
  1834 | D:2      | Reached skill level 5 in Spellcasting
  1875 | D:2      | Reached XP level 4. HP: 22/23 MP: 0/13
  1881 | D:2      | Learned a level 4 spell: Flame Wave
  2202 | D:2      | Reached skill level 6 in Spellcasting
  2810 | D:3      | Found a bloodstained altar of Trog.
  3047 | D:3      | Reached XP level 5. HP: 17/28 MP: 6/15
  3234 | D:3      | Found a snail-covered altar of Cheibriados.
  3234 | D:3      | Noticed Sigmund
  3237 | D:3      | Killed Sigmund
  3238 | D:3      | Reached XP level 6. HP: 26/32 MP: 9/17
  3691 | D:3      | Reached skill level 7 in Spellcasting
  4204 | D:3      | Found a hazy altar of Hepliaklqana.
  4953 | D:4      | Reached skill level 5 in Fire Magic
  5316 | D:4      | Found a sacrificial altar of Ru.
  5319 | D:4      | Found a burning altar of Makhleb.
  5319 | D:4      | Found a hide-covered altar of Uskayaw.
  5322 | D:4      | Found an ancient bone altar of Kikubaaqudgha.
  5771 | D:5      | Entered Level 5 of the Dungeon
  6625 | D:5      | Found a staircase to the Ecumenical Temple.
  6640 | Temple   | Entered the Ecumenical Temple
  6847 | Temple   | Became a worshipper of Sif Muna the Loreminder
  6905 | D:5      | Reached XP level 7. HP: 36/36 MP: 15/20
  7027 | D:5      | Found a stormy altar of Qazlal.
  7061 | D:5      | Reached skill level 8 in Spellcasting
  7263 | D:5      | Reached skill level 9 in Spellcasting
  7547 | D:5      | Noticed Grinder
  7556 | D:5      | Killed Grinder
  7557 | D:5      | Reached skill level 10 in Spellcasting
  7557 | D:5      | Reached skill level 5 in Conjurations
  7557 | D:5      | Reached XP level 8. HP: 37/41 MP: 8/24
  8023 | D:6      | Reached skill level 11 in Spellcasting
  8868 | D:7      | Reached skill level 12 in Spellcasting
  8949 | D:7      | Reached * piety under Sif Muna
  8965 | D:7      | HP: 1/41 [steam dragon (3)]
  8967 | D:7      | Killed from afar by a steam dragon

Illustrated notes

Levels and vault maps discovered:
D:1:      nagdon_arrival_double_spiral, layout_loops_corners,
          kennysheep_flooded_box, st_stairs_10
D:2:      layout_loops_cross, minmay_cut_off
D:3:      layout_loops_corners, mainiacjoe_overflow_24_doors,
          nzn_hepliaklqana_mist_gate, general_overflow_altar, bh_walls_and_bars,
          uniq_sigmund
D:4:      layout_cave_pods, grunt_temple_overflow_open, minmay_misc_feat_x
D:5:      layout_rooms, grunt_qazlal_sundering,
          minmay_temple_entry_purple_smoke, patterned_corridor, uniq_grinder
D:6:      layout_basic
D:7:      layout_basic, grunt_gozag_statues, dk_rats_in_the_wall, uniq_menkaure
Temple:   bh_familiar_temple

Skill      XL: |  1  2  3  4  5  6  7  8 |
---------------+-------------------------+-----
Spellcasting   | 4 5 6 7 10 12 | 12.7
Fire Magic     | 4 5 |  5.0
Conjurations   | 3 4 5 6 |  6.0
Dodging        | |  2.4
Stealth        | |  2.4

Action                   |  1- 3 |  4- 6 |  7- 9 || total
-------------------------+-------+-------+-------++-------
Melee: Staff             |     1 |    13 |       ||    14
       Dagger            |       |     5 |     1 ||     6
       Falchion          |       |       |    21 ||    21
 Cast: Foxfire           |    11 |       |       ||    11
       Scorch            |    38 |    75 |    62 ||   175
       Flame Wave        |       |     1 |     3 ||     4
  Use: Scroll            |       |     2 |     4 ||     6
       Potion            |       |       |     2 ||     2
 Stab: Sleeping          |       |     1 |       ||     1
Armor: Robe              |     5 |     8 |    20 ||    33
Dodge: Dodged            |    20 |    19 |    38 ||    77
Block: Other             |     1 |     5 |     9 ||    15
       Orb               |       |     2 |     4 ||     6

Table legend: (Time is in decaauts)
 A = Elapsed time spent in this place.
 B = Non-inter-level travel time spent in this place.
 C = Inter-level travel time spent in this place.
 D = Time resting spent in this place.
 E = Time spent auto-exploring this place.
 F = Levels seen in this place.
 G = Mean time per level.
                   A        B        C        D        E       F      G
               +--------+--------+--------+--------+--------+-----+--------+
         Total |   9014 |   8375 |    639 |   2654 |    640 |   8 | 1126.8 |
       Dungeon |   8787 |   8148 |    639 |   2654 |    440 |   7 | 1255.3 |
        Temple |    226 |    226 |      0 |      0 |    200 |   1 |  226.0 |
               +--------+--------+--------+--------+--------+-----+--------+

Top non-repeatable levels by time:
     D:4: 2021 daAuts
     D:3: 1740 daAuts
     D:1: 1616 daAuts
     D:5: 1202 daAuts
     D:2: 1169 daAuts
     D:6: 903 daAuts
  Temple: 226 daAuts
     D:7: 132 daAuts
